 Dungeon Crawl Stone Soup version 0.27.1-15-g792fb953b9 (webtiles) character file.

Game seed: 4762527711722751511

128 DearestLeader the Poker (level 5, 0/43 HPs)
             Began as a Gnoll Wanderer on Nov 19, 2021.
             Slain by Grinder (6 damage)
             ... while paralysed by Grinder
             ... on level 3 of the Dungeon.
             The game lasted 00:04:30 (2841 turns).

DearestLeader the Poker (Gnoll Wanderer)            Turns: 2841, Time: 00:04:31

Health: 0/43       AC:  7    Str: 11    XL:     5   Next: 11%
Magic:  7/7        EV:  2    Int: 13    God:
Gold:   130        SH:  0    Dex: 11    Spells: 6/6 levels left

rFire    . . .     SeeInvis .   m - +2 long sword (drain)
rCold    + . .     Faith    .   (no shield)
rNeg     . . .     Spirit   .   s - +0 scale mail {rC+}
rPois    .         Reflect  .   (no helmet)
rElec    .         Harm     .   (no cloak)
rCorr    .         Rampage  .   (no gloves)
Will     .....                  f - +0 pair of boots
Stlth    +.........             (no amulet)
HPRegen  0.14/turn              (no ring)
MPRegen  0.10/turn              (no ring)

@: paralysed
A: fangs 1, strong nose, distributed training
a: no special abilities


You were on level 3 of the Dungeon.
You visited 1 branch of the dungeon, and saw 3 of its levels.

You collected 130 gold pieces.

Inventory:

Hand Weapons
 a - a +2 spear
 e - a +0 dagger
 m - a +2 long sword of draining (weapon)
 t - a +1 trident of distortion
Missiles
 k - 27 sling bullets
Armour
 d - a +0 robe
 f - a +0 pair of boots (worn)
 n - a +0 ring mail
 s - a +0 scale mail of cold resistance (worn)
Magical Staves
 q - a staff of earth
Wands
 r - a wand of flame (16)
Scrolls
 h - a scroll of teleportation
 l - a scroll of torment {unknown}
 o - a scroll of amnesia {unknown}
 p - a scroll of identify {unknown}
Potions
 b - a potion of curing


   Skills:
 + Level 4.7 Fighting
 + Level 1.3 Short Blades
 + Level 1.3 Long Blades
 + Level 1.3 Axes
 + Level 1.3 Maces & Flails
 + Level 4.7 Polearms
 + Level 2.9 Staves
 + Level 1.3 Slings
 + Level 1.3 Bows
 + Level 1.3 Crossbows
 + Level 2.9 Throwing
 + Level 1.3 Armour
 + Level 2.9 Dodging
 + Level 4.3 Stealth
 + Level 1.3 Shields
 + Level 1.3 Unarmed Combat
 + Level 1.3 Spellcasting
 + Level 1.1 Conjurations
 + Level 1.1 Hexes
 + Level 1.1 Summonings
 + Level 1.1 Necromancy
 + Level 1.1 Translocations
 + Level 1.1 Transmutations
 + Level 1.1 Fire Magic
 + Level 1.1 Ice Magic
 + Level 1.1 Air Magic
 + Level 1.1 Earth Magic
 + Level 1.1 Poison Magic
 + Level 1.5 Invocations
 + Level 2.9 Evocations


You had 6 spell levels left.
You didn't know any spells.
Your spell library was empty.

Dungeon Overview and Level Annotations

Branches:
Dungeon (3/15)

Altars:

Annotations:
D:3 Grinder


Innate Abilities, Weirdness & Mutations

You have very sharp teeth.
Your uncanny sense of smell can sniff out nearby items.
Your experience applies equally to all skills.


Message History

You are frozen.
* * * LOW HITPOINT WARNING * * *
Grinder hits you but does no damage.
The endoplasm hits you but does no damage.
You slash the endoplasm!
You kill the endoplasm!
Grinder hits you but does no damage. x2
Unknown command.
You feel better.
The dart slug bites you but does no damage.
Grinder hits you but does no damage.
You feel better. Grinder hits you but does no damage.
It was a potion of cancellation.
Your magical effects are unravelling.
You feel magically purged.
You feel less wooden.
Your +0 pair of boots unmelds from your body.
Your +0 scale mail of cold resistance unmelds from your body.
You feel resistant to cold.
The dart slug bites you but does no damage.
Grinder hits you.
You writhe in agony.
* * * LOW HITPOINT WARNING * * *
You closely miss Grinder.
Grinder is lightly wounded.
Grinder hits you.
* * * LOW HITPOINT WARNING * * *
You writhe in agony.
* * * LOW HITPOINT WARNING * * *
The dart slug bites you.
* * * LOW HITPOINT WARNING * * *
You hit the dart slug.
The dart slug is heavily wounded.
Grinder gestures at you.
You suddenly lose the ability to move!
The dart slug launches a dart at you. The slug dart misses you.
Grinder hits you.
* * * LOW HITPOINT WARNING * * *
You writhe in agony.
You die...

#.##.......# #..#
#.....##...## #....
####.###....##..##.
#.###...........
#............#
########.#####
###.#######
#.5.......#
#@#.#####.# #######
#w#.# .......##.#.###
#...........#
........#.#.#.#
........#.........#
........#............
........##...########
...b...####.##


You could see Grinder and a dart slug.

Vanquished Creatures
  Terence (D:2)
  A gnoll (D:1)
  2 adders
  2 worms
  2 dart slugs (D:2)
  2 orcs (D:3)
  5 ball pythons
  6 endoplasms
  2 giant cockroaches (D:1)
  6 goblins
  6 hobgoblins
  5 kobolds
  4 quokkas
  7 bats
  3 frilled lizards
  4 rats
58 creatures vanquished.

Notes
Turn   | Place    | Note
-------+----------+-------------------------------------------
     0 | D:1      | DearestLeader the Gnoll Wanderer began the quest for the
                  | Orb.
     0 | D:1      | DearestLeader set off with the following items: a +2 spear,
                  | a potion of curing, a potion of lignification, a +0 robe, a
                  | +0 dagger
     0 | D:1      | Reached XP level 1. HP: 20/20 MP: 1/1
   110 | D:1      | Reached XP level 2. HP: 26/26 MP: 2/2
   316 | D:1      | Found a faded altar of an unknown god.
   372 | D:1      | Reached XP level 3. HP: 23/31 MP: 3/3
   931 | D:2      | Reached skill level 1 in Invocations
  1427 | D:2      | Reached skill level 1 in Short Blades
  1427 | D:2      | Reached skill level 1 in Long Blades
  1427 | D:2      | Reached skill level 1 in Axes
  1427 | D:2      | Reached skill level 1 in Maces & Flails
  1427 | D:2      | Reached skill level 1 in Slings
  1427 | D:2      | Reached skill level 1 in Bows
  1427 | D:2      | Reached skill level 1 in Crossbows
  1427 | D:2      | Reached skill level 1 in Armour
  1427 | D:2      | Reached skill level 1 in Shields
  1427 | D:2      | Reached skill level 1 in Unarmed Combat
  1427 | D:2      | Reached skill level 1 in Spellcasting
  1668 | D:2      | Noticed Terence
  1695 | D:2      | Reached XP level 4. HP: 37/38 MP: 5/5
  2031 | D:2      | Killed Terence
  2032 | D:2      | Reached skill level 1 in Conjurations
  2032 | D:2      | Reached skill level 1 in Hexes
  2032 | D:2      | Reached skill level 1 in Summonings
  2032 | D:2      | Reached skill level 1 in Necromancy
  2032 | D:2      | Reached skill level 1 in Translocations
  2032 | D:2      | Reached skill level 1 in Transmutations
  2032 | D:2      | Reached skill level 1 in Fire Magic
  2032 | D:2      | Reached skill level 1 in Ice Magic
  2032 | D:2      | Reached skill level 1 in Air Magic
  2032 | D:2      | Reached skill level 1 in Earth Magic
  2032 | D:2      | Reached skill level 1 in Poison Magic
  2801 | D:3      | Noticed Grinder
  2808 | D:3      | Reached XP level 5. HP: 43/43 MP: 5/7
  2824 | D:3      | Paralysed by Grinder for 3 turns
  2834 | D:3      | HP: 2/64 [frozen (4)]
  2840 | D:3      | Paralysed by Grinder for 4 turns
  2841 | D:3      | Slain by Grinder

Illustrated notes

Levels and vault maps discovered:
D:1:      roderic_chinese_lattice_arrival, layout_basic, serial_corexii_hall,
          corexii_hall_statues_deadend, chequers_hall_statues_corner_a,
          chequers_hall_statues_corner_a, corexii_hall_statues_deadend,
          ebering_ecumenical_altar_petrified, hangedman_glass_teeth
D:2:      layout_loops_corners, minmay_misc_feat_more_columns, uniq_terence
D:3:      layout_loops_corners, gup_sewer_entry_bubbles, palyth_stone_intersect,
          uniq_grinder, uniq_sigmund

Skill      XL: |  1  2  3  4 |
---------------+-------------+-----
Invocations    | 1 |  1.5
Short Blades   | 1 |  1.3
Long Blades    | 1 |  1.3
Axes           | 1 |  1.3
Maces & Flails | 1 |  1.3
Slings         | 1 |  1.3
Bows           | 1 |  1.3
Crossbows      | 1 |  1.3
Armour         | 1 |  1.3
Shields        | 1 |  1.3
Unarmed Combat | 1 |  1.3
Spellcasting   | 1 |  1.3
Conjurations   | 1 |  1.1
Hexes          | 1 |  1.1
Summonings     | 1 |  1.1
Necromancy     | 1 |  1.1
Translocations | 1 |  1.1
Transmutations | 1 |  1.1
Fire Magic     | 1 |  1.1
Ice Magic      | 1 |  1.1
Air Magic      | 1 |  1.1
Earth Magic    | 1 |  1.1
Poison Magic   | 1 |  1.1
Fighting       | |  4.7
Polearms       | |  4.7
Staves         | |  2.9
Throwing       | |  2.9
Dodging        | |  2.9
Stealth        | |  4.3
Evocations     | |  2.9

Action                   |  1- 3 |  4- 6 || total
-------------------------+-------+-------++-------
Melee: Spear             |    88 |       ||    88
       Long sword        |     9 |    53 ||    62
       Bite              |     5 |     1 ||     6
       Punch             |     1 |       ||     1
  Use: Scroll            |       |     4 ||     4
       Potion            |       |     4 ||     4
 Stab: Sleeping          |    11 |     1 ||    12
Armor: Robe              |     7 |       ||     7
       Ring mail         |     1 |     5 ||     6
       Scale mail        |       |    21 ||    21
       Skin              |       |    15 ||    15
Dodge: Dodged            |    30 |    26 ||    56
       Rpst.: Long sword |     3 |     5 ||     8
